 Dungeon Crawl Stone Soup version 0.22-a0 (webtiles) character file.

822 KristoblXynda the Charmwright (level 7, 0/33 HPs)
             Began as a Spriggan Skald on Jan 1, 2018.
             Was an Initiate of Ashenzari.
             Slain by a phantom (8 damage)
             ... on level 4 of the Dungeon.
             The game lasted 00:08:42 (5224 turns).

KristoblXynda the Charmwright (Spriggan Skald)      Turns: 5224, Time: 00:08:43

Health: 0/33       AC:  4    Str:  8    XL:     7   Next: 63%
Magic:  22/25      EV: 19    Int: 16    God:    Ashenzari [......]
Gold:   302        SH:  0    Dex: 15    Spells: 10/17 levels left

rFire    . . .     SeeInvis +   w - +1 short sword (flame) (curse)
rCold    . . .     Gourm    .   (shield restricted)
rNeg     . . .     Faith    .   b - +0 robe
rPois    .         Spirit   .   g - +2 hat (curse)
rElec    .         Reflect  .   (no cloak)
rCorr    .         Harm     .   (gloves unavailable)
MR       +....                  (boots unavailable)
Stlth    ++++......             (no amulet)
HPRegen  0.11/turn              v - ring of stealth
MPRegen  0.19/turn              x - ring of magical power

@: infused, very quick
A: very small, unfitting armour, see invisible, herbivore, speed 3, slow
metabolism 2
a: Curse Item, Renounce Religion


You were on level 4 of the Dungeon.
You worshipped Ashenzari.
Ashenzari was noncommittal.
You were not hungry.

You visited 1 branch of the dungeon, and saw 4 of its levels.

You collected 302 gold pieces.

Inventory:

Hand Weapons
 w - a cursed +1 short sword of flaming (weapon)
Armour
 b - a +0 robe (worn)
 g - a cursed +2 hat (worn)
Jewellery
 v - a ring of stealth (left hand)
 x - a ring of magical power (right hand)
Scrolls
 a - 3 scrolls of teleportation {unknown}
 e - 3 scrolls of fear
 h - a scroll of blinking {unknown}
 j - a scroll of noise {unknown}
 k - a scroll of amnesia
 l - 3 scrolls of immolation
 n - a scroll of enchant weapon {unknown}
 o - a scroll of magic mapping {unknown}
 r - a scroll of remove curse
 t - 2 scrolls of fog {unknown}
 u - a scroll of random uselessness {unknown}
Potions
 f - 2 potions of haste
 i - a potion of mutation {unknown}
 m - a potion of flight {unknown}
 p - a potion of brilliance
 q - a potion of curing {unknown}
 s - 2 potions of heal wounds
Books
 c - a book of Battle

   Spells                             Type                      Level
   a - Infusion                       Charms                       1
   b - Shroud of Golubria             Charms/Translocation         2
   c - Song of Slaying                Charms                       2
   d - Spectral Weapon                Hexes/Charms                 3
   e - Regeneration                   Charms/Necromancy            3
 y - a book of Cantrips

   Spells                             Type                      Level
   a - Confusing Touch                Hexes                        1
   b - Animate Skeleton               Necromancy                   1
   c - Summon Small Mammal            Summoning                    1
   d - Apportation                    Translocation                1
Comestibles
 d - 9 rations


   Skills:
 - Level 1.5 Fighting
 + Level 5.2 Short Blades
 - Level 4.2 Dodging
 + Level 6.0 Stealth
 + Level 5.5 Spellcasting
 + Level 7.6 Charms


You had 10 spell levels left.
You knew the following spells:

 Your Spells              Type           Power        Failure   Level  Hunger
a - Infusion              Chrm           ####         1%          1    None
b - Regeneration          Chrm/Necr      ###.......   9%          3    ###....
c - Spectral Weapon       Hex/Chrm       ###.....     9%          3    ###....


Dungeon Overview and Level Annotations

Branches:
Dungeon (4/15)
 Temple: D:4-7

Altars:
Ashenzari
Dithmenos
Xom


Innate Abilities, Weirdness & Mutations

You are very small and have problems with some larger weapons.
You are too small for most types of armour.
You have supernaturally acute eyesight. (SInv)
You are a herbivore.
You cover ground extremely quickly.
You need consume almost no food.


Message History

You barely miss the phantom.
The phantom is heavily damaged.
The phantom hits you.
The phantom blinks!
The phantom barely misses you.
You hit the phantom. You burn the phantom.
The phantom is heavily damaged.
You barely miss the phantom.
The phantom is heavily damaged.
The phantom hits you.
You hit the phantom! You burn the phantom.
The phantom is almost destroyed.
The phantom misses you.
You miss the phantom.
The phantom is almost destroyed.
The phantom hits you!
* * * LOW HITPOINT WARNING * * *
You barely miss the phantom.
The phantom is almost destroyed.
The phantom hits you!
You die...

##.....#.....#......#........#...
########.....#......#............
.#.....#.....####...########.....
.#.....#........#...#......)#####
.#.....#...)....#...#.......#
.'....รท'.(......'...#.......#
##.....#........#...#.......#
########........#####)......#
.......#.......W@....########
.......#########.....#
.......#.......'.....#
.......#.......#.....#
##.....##......#.....#
#########.......######
.......##.......#
.......##......##
................#


You could see a phantom.

Vanquished Creatures
  Pikel (D:4)
  2 slaves (D:4)
  An ogre (D:4)
  A centaur (D:4)
  A howler monkey (D:4)
  An iguana (D:4)
  8 adders
  A worm (D:2)
  3 dart slugs (D:3)
  6 orcs
  5 giant cockroaches
  6 goblins
  4 hobgoblins
  7 kobolds
  3 quokkas
  3 ball pythons
  10 bats
  5 frilled lizards
  A leopard gecko skeleton (D:4)
  10 rats
79 creatures vanquished.

Notes
Turn   | Place    | Note
-------+----------+-------------------------------------------
     0 | D:1      | KristoblXynda the Spriggan Skald began the quest for the Orb.
     0 | D:1      | Reached XP level 1. HP: 10/10 MP: 5/5
   542 | D:1      | Reached XP level 2. HP: 14/14 MP: 2/6
  1113 | D:2      | Reached skill level 5 in Charms
  1461 | D:2      | Reached XP level 3. HP: 17/18 MP: 0/8
  1637 | D:2      | Learned a level 3 spell: Regeneration
  1641 | D:2      | Learned a level 3 spell: Spectral Weapon
  2350 | D:2      | Reached skill level 1 in Stealth
  2724 | D:3      | Found a shimmering altar of Xom.
  2741 | D:3      | Reached XP level 4. HP: 21/22 MP: 9/9
  3596 | D:3      | Found a shadowy altar of Dithmenos.
  3637 | D:3      | Reached XP level 5. HP: 25/25 MP: 6/11
  3818 | D:4      | Noticed a centaur
  3971 | D:4      | Killed a centaur
  3971 | D:4      | Reached skill level 6 in Charms
  4236 | D:4      | Noticed a slave
  4238 | D:4      | Noticed a slave
  4238 | D:4      | Noticed a slave
  4239 | D:4      | Noticed Pikel
  4239 | D:4      | Noticed a slave
  4274 | D:4      | Killed a slave
  4279 | D:4      | Killed a slave
  4384 | D:4      | Killed Pikel
  4384 | D:4      | Reached skill level 5 in Short Blades
  4384 | D:4      | Reached skill level 5 in Stealth
  4384 | D:4      | Reached skill level 5 in Spellcasting
  4384 | D:4      | Reached skill level 7 in Charms
  4384 | D:4      | Reached XP level 6. HP: 13/30 MP: 14/14
  4384 | D:4      | Reached XP level 7. HP: 14/33 MP: 15/15
  4629 | D:4      | Found a shattered altar of Ashenzari.
  4691 | D:4      | Became a worshipper of Ashenzari the Shackled
  5224 | D:4      | Slain by a phantom

Vault maps used:
D:1:      roderic_dead_forest
D:2:      first_ration
D:3:      nicolae_overflow_crystal_walls,
          nicolae_dithmenos_through_a_glass_darkly
D:4:      kennysheep_little_box, uniq_pikel

Skill      XL: |  1  2  3  4  5  6  7 |
---------------+----------------------+-----
Dodging        | 4 |  4.2
Charms         | 5 7 |  7.6
Spellcasting   | 3 5 |  5.5
Short Blades   | 3 5 |  5.2
Stealth        | 1 2 5 6 |  6.0
Fighting       | |  1.5

Action                   |  1- 3 |  4- 6 |  7- 9 || total
-------------------------+-------+-------+-------++-------
Melee: Short sword       |    22 |   106 |    29 ||   157
       Dagger            |   143 |       |       ||   143
 Cast: Infusion          |    15 |     9 |     1 ||    25
Invok: Curse Item        |       |       |     2 ||     2
  Use: Scroll            |     3 |     3 |     1 ||     7
 Stab: Sleeping          |     5 |     7 |     1 ||    13
       Distracted        |       |     1 |       ||     1
  Eat: Ration            |       |     1 |       ||     1
Armor: Robe              |    18 |     6 |     1 ||    25
Dodge: Dodged            |   136 |    78 |    18 ||   232

Table legend:
 A = Spawn XP
 B = Non-spawn XP
 C = Spawn XP percentage of total XP
 D = Spawn monster count
 E = Non-spawn monster count
 F = Spawn count percentage of total count
 G = Total turns spent on level
                    A         B        C        D         E        F      G
               +---------+---------+-------+---------+---------+-------+---------
         Total |       0 |    1175 |   0.0 |       0 |      77 |   0.0 |  5224
               +---------+---------+-------+---------+---------+-------+---------
           D:1 |       0 |      30 |   0.0 |       0 |      20 |   0.0 |  1100
           D:2 |       0 |      53 |   0.0 |       0 |      18 |   0.0 |  1424
           D:3 |       0 |     120 |   0.0 |       0 |      30 |   0.0 |  1279
           D:4 |       0 |     972 |   0.0 |       0 |       9 |   0.0 |  1421
               +---------+---------+-------+---------+---------+-------+---------
